Sabres vs Jets
Created - 18 février 2014 at 22:23
Goals
|
| Sabres |
1 |
0 |
0 |
1 |
| Jets |
0 |
1 |
3 |
4 |
|
Shots
|
| Sabres |
8 |
3 |
15 |
26 |
| Jets |
11 |
12 |
13 |
36 |
|
1st period
1. Sabres , Boyd Devereaux 9 (Richard Zednik, Hal Gill) at 6:38
Penalties :
Kristian Huselius (Win) for Hooking (Minor) at 1:52, Jussi Jokinen (Win) for Tripping (Minor) at 16:06
2nd period
2. Jets , Jussi Jokinen 23 (Miroslav Satan, Derek Roy) at 5:45 (PP)
Penalties :
Johnny Boychuk (Buf) for Roughing (Minor) at 5:13, Benoit Pouliot (Win) for Roughing (Minor) at 8:42, Kristian Huselius (Win) for Hooking (Minor) at 15:36
3rd period
3. Jets , Jason Allison 23 (Michal Rozsival, Miroslav Satan) at 2:10 (PP)
4. Jets , Miroslav Satan 9 (Jussi Jokinen, Colin White) at 3:18
5. Jets , Colin White 1 (Miroslav Satan, Derek Roy) at 17:49 (PP)
Penalties :
Nathan Paetsch (Buf) for Slashing (Minor) at 1:27, Adam Burish (Win) for Hooking (Minor) at 13:32, Steve Downie (Buf) for Holding Stick (Minor) at 17:22
Goalie Stats
Ty Conklin (Buf), 32 saves from 36 shots - (0,889), L, 10-13-2, 60:00 minutes
Ilya Bryzgalov (Win), 25 saves from 26 shots - (0,962), W, 10-7-0, 60:00 minutes
Players Stats for Sabres
Player Name G A P +/- PIM S H SB GA TA FO MP PP MP PK MP
------------------------------------------------------------------------------------
Boyd Devereaux 1 0 1 1 0 2 2 0 0 0 0/3 7:54 0:00 0:09
Derick Brassard 0 0 0 0 0 5 1 1 0 0 13/32 20:46 5:14 0:00
Dominic Moore 0 0 0 0 0 1 1 0 1 0 6/11 13:09 0:00 1:33
Hal Gill 0 1 1 0 0 1 0 4 0 2 0/0 19:55 0:11 0:46
James Neal 0 0 0 0 0 2 0 0 0 0 1/3 20:46 5:14 0:00
Jason Smith 0 0 0 0 0 0 1 2 0 1 0/0 24:01 4:19 0:56
Johnny Boychuk 0 0 0 0 2 2 2 0 1 1 0/0 23:39 5:36 0:18
Kyle Calder 0 0 0 0 0 0 0 0 1 0 0/0 12:01 0:08 0:00
Ladislav Smid 0 0 0 0 0 0 2 0 0 0 0/0 12:19 0:00 0:28
Mats Sundin 0 0 0 -1 0 1 2 1 0 0 4/10 19:25 4:38 1:33
Nathan Paetsch 0 0 0 0 2 0 2 1 0 1 0/0 16:03 5:25 0:00
Niclas Bergfors 0 0 0 0 0 2 1 0 2 0 0/1 20:46 5:14 0:00
Ole-Kristian Tollefsen 0 0 0 0 0 1 3 3 0 0 0/0 24:01 4:19 0:56
Peter Prucha 0 0 0 0 0 4 0 0 0 0 0/0 12:01 0:08 0:00
Richard Zednik 0 1 1 1 0 1 3 0 0 0 0/0 8:04 0:03 0:00
Ryan Hollweg 0 0 0 -1 0 2 4 1 0 0 0/2 17:46 4:33 0:00
Steve Downie 0 0 0 -1 2 2 2 0 1 0 0/0 17:54 4:33 0:09
Todd White 0 0 0 1 0 0 1 0 0 0 0/0 7:45 0:00 0:00
Players Stats for Jets
Player Name G A P +/- PIM S H SB GA TA FO MP PP MP PK MP
------------------------------------------------------------------------------------
Adam Burish 0 0 0 0 2 0 3 0 0 0 0/0 11:19 0:00 0:00
Benoit Pouliot 0 0 0 0 2 4 3 1 0 0 0/0 17:56 0:46 1:24
Colin White 1 1 2 0 0 2 0 2 0 0 0/0 20:40 0:55 4:07
Daniel Alfredsson 0 0 0 0 0 1 0 0 1 0 2/5 21:38 0:46 5:07
Derek Roy 0 2 2 0 0 2 1 0 0 0 6/14 18:38 0:56 3:00
Dmitri Kalinin 0 0 0 1 0 4 1 0 0 0 0/0 20:05 0:55 4:07
Eric Brewer 0 0 0 0 0 0 2 3 1 1 0/0 27:08 0:47 5:48
Fredrik Sjostrom 0 0 0 0 0 1 0 0 0 0 1/1 6:44 0:00 0:09
Greg Campbell 0 0 0 0 0 1 1 0 0 0 4/5 6:35 0:00 0:00
Jason Allison 1 0 1 0 0 4 0 0 0 1 24/36 21:52 0:46 5:21
Jussi Jokinen 1 1 2 0 2 5 1 1 0 0 0/0 14:56 0:56 0:00
Kristian Huselius 0 0 0 0 4 1 4 0 0 1 0/0 11:59 0:00 0:00
Kyle Wellwood 0 0 0 0 0 2 1 0 1 0 1/1 11:19 0:00 0:00
Michal Rozsival 0 1 1 0 0 0 1 2 0 2 0/0 27:08 0:47 5:48
Miroslav Satan 1 3 4 0 0 4 1 0 0 0 0/0 18:38 0:56 3:00
Roman Hamrlik 0 0 0 -1 0 3 1 2 2 0 0/0 12:49 0:00 0:00
Tuomo Ruutu 0 0 0 0 0 2 2 0 0 0 0/0 8:26 0:00 1:49
Zbynek Michalek 0 0 0 0 0 0 0 0 0 1 0/0 12:10 0:00 0:00
3 Stars
1 - Miroslav Satan (Win)
2 - Ilya Bryzgalov (Win)
3 - Colin White (Win)
Power Play
Sabres - 0 on 5 Attempt(s) - 0,00%
Jets - 3 on 3 Attempt(s) - 100,00%
Penalty Kill
Sabres - 0 on 3 Attempt(s) - 0,00%
- Score 0 goal in Penalty Kill
Jets - 5 on 5 Attempt(s) - 100,00%
- Score 0 goal in Penalty Kill
Official
Referees : Fraser Kerry and Sutherland Kelly
Linesman : Brad Lazarowich and Scott Cherrey
Game Notes
No Game Note
Finance
Level 1 -- Attendance: 5758 (95,97%) -- Ticket Income 443 366 $
Level 2 -- Attendance: 5000 (100,00%) -- Ticket Income 240 000 $
Level 3 -- Attendance: 1833 (91,65%) -- Ticket Income 53 157 $
Level 4 -- Attendance: 3395 (84,88%) -- Ticket Income 64 505 $
Luxury Box -- Attendance: 853 (85,30%) -- Ticket Income 140 745 $
Game was played at the MTS Center
Total Attendance: 16839 (93,55%)
Total Ticket Income: 941 773 $
Other Income: 141 266 $
Total Income: 1 083 039 $
Sabres
5 vs 5 Forward
Center Left Wing Right Wing Time % Phy DF OF
1 Derick Brassard James Neal Niclas Bergfors 40 1 2 2
2 Mats Sundin Ryan Hollweg Steve Downie 30 2 1 2
3 Dominic Moore Kyle Calder Peter Prucha 20 1 3 1
4 Boyd Devereaux Todd White Richard Zednik 10 1 3 1
5 vs 5 Defense
Defense Defense Time % Phy DF OF
1 Ole-Kristian Tollefsen Jason Smith 35 1 3 1
2 Johnny Boychuk Hal Gill 35 1 3 1
3 Ladislav Smid Nathan Paetsch 20 1 3 1
4 Ole-Kristian Tollefsen Jason Smith 10 1 1 3
PowerPlay Forward
Center Left Wing Right Wing Time % Phy DF OF
1 Derick Brassard James Neal Niclas Bergfors 60 0 1 4
2 Mats Sundin Ryan Hollweg Steve Downie 40 2 0 3
PowerPlay Defense
Defense Defense Time % Phy DF OF
1 Johnny Boychuk Nathan Paetsch 60 1 1 3
2 Ole-Kristian Tollefsen Jason Smith 40 1 1 3
Penalty Kill 4 Players Forward
Center Wing Time % Phy DF OF
1 Dominic Moore Mats Sundin 60 1 3 1
2 Boyd Devereaux Steve Downie 40 1 4 0
Penalty Kill 4 Players Defense
Defense Defense Time % Phy DF OF
1 Ole-Kristian Tollefsen Jason Smith 60 1 4 0
2 Johnny Boychuk Hal Gill 40 1 4 0
Penalty Kill - 3 Players Forward
Forward Time % Phy DF OF
1 Dominic Moore 60 0 5 0
2 Boyd Devereaux 40 0 5 0
Penalty Kill - 3 Players Defense
Defense Defense Time % Phy DF OF
1 Ole-Kristian Tollefsen Jason Smith 60 1 4 0
2 Johnny Boychuk Hal Gill 40 1 4 0
4 vs 4 Forward
Center Wing Time % Phy DF OF
1 Boyd Devereaux Niclas Bergfors 60 0 3 2
2 Dominic Moore Steve Downie 40 1 3 1
4 vs 4 Defense
Defense Defense Time % Phy DF OF
1 Johnny Boychuk Nathan Paetsch 60 1 3 1
2 Ole-Kristian Tollefsen Jason Smith 40 1 3 1
Last Minutes Offensive
Center Left Wing Right Wing Defense Defense
Derick Brassard Mats Sundin Niclas Bergfors Ole-Kristian Tollefsen Jason Smith
Last Minutes Defensive
Center Left Wing Right Wing Defense Defense
Dominic Moore Boyd Devereaux Mats Sundin Ole-Kristian Tollefsen Jason Smith
Goaltenders
Starting : Ty Conklin
Backup : Mike Brodeur
Extra Forwards
Normal : Niclas Bergfors, Ryan Hollweg, Dominic Moore - PP : Kyle Calder, Peter Prucha - PK : Steve Downie
Extra Defensemen
Normal : Nathan Paetsch, Ladislav Smid, Johnny Boychuk - PP : Nathan Paetsch - PK : Ladislav Smid, Nathan Paetsch
Penalty Shots
Peter Prucha, Niclas Bergfors, Mats Sundin, Dominic Moore, Boyd Devereaux
Jets
5 vs 5 Forward
Center Left Wing Right Wing Time % Phy DF OF
1 Jason Allison Benoit Pouliot Daniel Alfredsson 40 1 2 2
2 Derek Roy Jussi Jokinen Miroslav Satan 30 1 2 2
3 Kyle Wellwood Kristian Huselius Adam Burish 20 1 2 2
4 Greg Campbell Fredrik Sjostrom Tuomo Ruutu 10 1 2 2
5 vs 5 Defense
Defense Defense Time % Phy DF OF
1 Michal Rozsival Eric Brewer 40 1 2 2
2 Dmitri Kalinin Colin White 30 1 2 2
3 Roman Hamrlik Zbynek Michalek 20 1 2 2
4 Michal Rozsival Eric Brewer 10 1 2 2
PowerPlay Forward
Center Left Wing Right Wing Time % Phy DF OF
1 Jason Allison Benoit Pouliot Daniel Alfredsson 60 1 2 2
2 Derek Roy Jussi Jokinen Miroslav Satan 40 1 2 2
PowerPlay Defense
Defense Defense Time % Phy DF OF
1 Michal Rozsival Eric Brewer 60 1 2 2
2 Dmitri Kalinin Colin White 40 1 2 2
Penalty Kill 4 Players Forward
Center Wing Time % Phy DF OF
1 Jason Allison Daniel Alfredsson 60 1 2 2
2 Derek Roy Miroslav Satan 40 1 2 2
Penalty Kill 4 Players Defense
Defense Defense Time % Phy DF OF
1 Michal Rozsival Eric Brewer 60 1 2 2
2 Dmitri Kalinin Colin White 40 1 2 2
Penalty Kill - 3 Players Forward
Forward Time % Phy DF OF
1 Jason Allison 60 1 2 2
2 Daniel Alfredsson 40 1 2 2
Penalty Kill - 3 Players Defense
Defense Defense Time % Phy DF OF
1 Michal Rozsival Eric Brewer 60 1 2 2
2 Dmitri Kalinin Colin White 40 1 2 2
4 vs 4 Forward
Center Wing Time % Phy DF OF
1 Jason Allison Daniel Alfredsson 60 1 2 2
2 Derek Roy Miroslav Satan 40 1 2 2
4 vs 4 Defense
Defense Defense Time % Phy DF OF
1 Michal Rozsival Eric Brewer 60 1 2 2
2 Dmitri Kalinin Colin White 40 1 2 2
Last Minutes Offensive
Center Left Wing Right Wing Defense Defense
Jason Allison Benoit Pouliot Daniel Alfredsson Michal Rozsival Eric Brewer
Last Minutes Defensive
Center Left Wing Right Wing Defense Defense
Jason Allison Benoit Pouliot Daniel Alfredsson Michal Rozsival Eric Brewer
Goaltenders
Starting : Ilya Bryzgalov
Backup : Maxime Daigneault
Extra Forwards
Normal : Kyle Wellwood, Adam Burish, Tuomo Ruutu - PP : Kyle Wellwood, Adam Burish - PK : Tuomo Ruutu
Extra Defensemen
Normal : Roman Hamrlik, Zbynek Michalek, Dmitri Kalinin - PP : Roman Hamrlik - PK : Zbynek Michalek, Dmitri Kalinin
Penalty Shots
Jason Allison, Daniel Alfredsson, Derek Roy, Miroslav Satan, Benoit Pouliot
% Time on Ice - Sabres
Lines # - Real PCT - Wanted PCT - Time Play
Normal Forward
1 - 33% - 40% - 15:48
2 - 27% - 30% - 13:14
3 - 24% - 20% - 11:36
4 - 16% - 10% - 7:45
Normal Defense
1 - 36% - 35% - 17:28
2 - 37% - 35% - 17:45
3 - 22% - 20% - 10:53
4 - 5% - 10% - 2:17
PP Forward
1 - 53% - 60% - 5:17
2 - 47% - 40% - 4:38
PP Defense
1 - 56% - 60% - 5:36
2 - 44% - 40% - 4:19
PK Forward
1 - 91% - 60% - 1:33
2 - 9% - 40% - 0:09
PK Defense
1 - 55% - 60% - 0:56
2 - 45% - 40% - 0:46
PK3 Forward
1 - 0% - 60%
2 - 0% - 40%
PK3 Defense
1 - 0% - 60%
2 - 0% - 40%
44 Forward
1 - 0% - 60%
2 - 0% - 40%
44 Defense
1 - 0% - 60%
2 - 0% - 40%
Last Minute Offensive - 0:00
Last Minute Defensive - 0:00
Total
Forward - 60:00
Defense - 60:00
|
% Time on Ice - Jets
Lines # - Real PCT - Wanted PCT - Time Play
Normal Forward
1 - 33% - 40% - 15:47
2 - 30% - 30% - 14:42
3 - 23% - 20% - 11:19
4 - 14% - 10% - 6:35
Normal Defense
1 - 39% - 40% - 18:54
2 - 32% - 30% - 15:40
3 - 25% - 20% - 12:10
4 - 3% - 10% - 1:39
PP Forward
1 - 45% - 60% - 0:46
2 - 55% - 40% - 0:56
PP Defense
1 - 46% - 60% - 0:47
2 - 54% - 40% - 0:55
PK Forward
1 - 70% - 60% - 6:55
2 - 30% - 40% - 3:00
PK Defense
1 - 58% - 60% - 5:48
2 - 42% - 40% - 4:07
PK3 Forward
1 - 0% - 60%
2 - 0% - 40%
PK3 Defense
1 - 0% - 60%
2 - 0% - 40%
44 Forward
1 - 0% - 60%
2 - 0% - 40%
44 Defense
1 - 0% - 60%
2 - 0% - 40%
Last Minute Offensive - 0:00
Last Minute Defensive - 0:00
Total
Forward - 60:00
Defense - 60:00
|
Play by Play
1st period
0:01 of 1st period - Jason Allison wins face-off versus Derick Brassard in neutral zone.
0:08 of 1st period - Wrist shot by Benoit Pouliot.
0:08 of 1st period - Stopped by Ty Conklin with a rebound.
1:02 of 1st period - Kyle Calder is hit by Adam Burish and loses puck.
1:52 of 1st period - Minor Penalty to Kristian Huselius for Hooking.
1:53 of 1st period - Derick Brassard wins face-off versus Jason Allison in Jets zone.
1:57 of 1st period - Snap shot by James Neal.
1:57 of 1st period - Stopped by Ilya Bryzgalov without a rebound.
1:58 of 1st period - Jason Allison wins face-off versus Derick Brassard in Jets zone.
3:29 of 1st period - Jason Allison is hit by Nathan Paetsch and loses puck.
3:52 of 1st period - Penalty to Kristian Huselius is over, Kristian Huselius is back on ice.
5:15 of 1st period - Zbynek Michalek is hit by Richard Zednik.
5:42 of 1st period - Nathan Paetsch is hit by Kristian Huselius and loses puck.
5:55 of 1st period - Ole-Kristian Tollefsen is hit by Derek Roy and loses puck.
6:30 of 1st period - Snap shot by Richard Zednik.
6:30 of 1st period - Stopped by Ilya Bryzgalov with a rebound.
6:32 of 1st period - Slapshot by Johnny Boychuk.
6:32 of 1st period - Shot Blocked by Roman Hamrlik.
6:36 of 1st period - Wrist shot by Richard Zednik.
6:36 of 1st period - Shot Blocked by Roman Hamrlik.
6:38 of 1st period - Snap shot by Boyd Devereaux.
6:38 of 1st period - Goal by Boyd Devereaux - Sabres : 1 - Jets : 0.
6:39 of 1st period - Jason Allison wins face-off versus James Neal in neutral zone.
7:23 of 1st period - Richard Zednik is hit by Tuomo Ruutu.
7:27 of 1st period - Snap shot by Boyd Devereaux.
7:27 of 1st period - Shot Misses the Net.
7:29 of 1st period - Wrist shot by Jason Smith.
7:29 of 1st period - Shot Blocked by Colin White.
8:59 of 1st period - Michal Rozsival is hit by Derick Brassard and loses puck.
9:12 of 1st period - Boyd Devereaux is hit by Benoit Pouliot and loses puck.
9:38 of 1st period - Greg Campbell is hit by Steve Downie and loses puck.
10:26 of 1st period - Snap shot by James Neal.
10:26 of 1st period - Stopped by Ilya Bryzgalov without a rebound.
10:27 of 1st period - Greg Campbell wins face-off versus Mats Sundin in Jets zone.
10:38 of 1st period - Wrist shot by Ryan Hollweg.
10:38 of 1st period - Deflect By Dmitri Kalinin.
10:38 of 1st period - Shot Blocked by Colin White.
10:38 of 1st period - Puck is out of play.
10:39 of 1st period - Daniel Alfredsson wins face-off versus Derick Brassard in Jets zone.
11:06 of 1st period - Jussi Jokinen is hit by Steve Downie and loses puck.
11:13 of 1st period - Michal Rozsival is hit by Ole-Kristian Tollefsen and loses puck.
11:26 of 1st period - Slapshot by Adam Burish.
11:26 of 1st period - Shot Misses the Net.
11:48 of 1st period - Snap shot by Tuomo Ruutu.
11:48 of 1st period - Deflect By Greg Campbell.
11:48 of 1st period - Shot Misses the Net.
11:48 of 1st period - Puck is out of play.
11:49 of 1st period - Greg Campbell wins face-off versus Dominic Moore in Sabres zone.
11:50 of 1st period - Slapshot by Tuomo Ruutu.
11:50 of 1st period - Stopped by Ty Conklin without a rebound.
11:51 of 1st period - Dominic Moore wins face-off versus Greg Campbell in Sabres zone.
11:51 of 1st period - Dominic Moore is hit by Tuomo Ruutu.
12:07 of 1st period - Snap shot by Fredrik Sjostrom.
12:07 of 1st period - Shot Misses the Net.
12:19 of 1st period - Backhand shot by Jussi Jokinen.
12:19 of 1st period - Stopped by Ty Conklin with a rebound.
12:21 of 1st period - Slapshot by Roman Hamrlik.
12:21 of 1st period - Stopped by Ty Conklin with a rebound.
12:23 of 1st period - Snap shot by Miroslav Satan.
12:23 of 1st period - Stopped by Ty Conklin with a rebound.
12:25 of 1st period - Slapshot by Roman Hamrlik.
12:25 of 1st period - Shot Hit the Post.
12:27 of 1st period - Wrist shot by Jussi Jokinen.
12:27 of 1st period - Stopped by Ty Conklin without a rebound.
12:28 of 1st period - Jason Allison wins face-off versus Derick Brassard in Sabres zone.
12:39 of 1st period - Slapshot by Daniel Alfredsson.
12:39 of 1st period - Stopped by Ty Conklin with a rebound.
13:08 of 1st period - Slapshot by Dmitri Kalinin.
13:08 of 1st period - Stopped by Ty Conklin with a rebound.
13:24 of 1st period - Slapshot by Dmitri Kalinin.
13:24 of 1st period - Stopped by Ty Conklin without a rebound.
13:25 of 1st period - Derick Brassard wins face-off versus Derek Roy in Sabres zone.
13:30 of 1st period - Snap shot by Niclas Bergfors.
13:30 of 1st period - Stopped by Ilya Bryzgalov without a rebound.
13:31 of 1st period - Derick Brassard wins face-off versus Daniel Alfredsson in Jets zone.
13:44 of 1st period - Snap shot by Daniel Alfredsson.
13:44 of 1st period - Shot Misses the Net.
13:46 of 1st period - Snap shot by Daniel Alfredsson.
13:46 of 1st period - Shot Blocked by Ole-Kristian Tollefsen.
14:16 of 1st period - Wrist shot by Steve Downie.
14:16 of 1st period - Stopped by Ilya Bryzgalov with a rebound.
14:18 of 1st period - Snap shot by Peter Prucha.
14:18 of 1st period - Stopped by Ilya Bryzgalov with a rebound.
14:20 of 1st period - Wrist shot by Peter Prucha.
14:20 of 1st period - Stopped by Ilya Bryzgalov without a rebound.
14:21 of 1st period - Dominic Moore wins face-off versus Jason Allison in Jets zone.
14:39 of 1st period - Peter Prucha is hit by Benoit Pouliot and loses puck.
14:59 of 1st period - Snap shot by Derek Roy.
14:59 of 1st period - Stopped by Ty Conklin without a rebound.
15:00 of 1st period - Daniel Alfredsson wins face-off versus Mats Sundin in Sabres zone.
15:03 of 1st period - Snap shot by Jason Allison.
15:03 of 1st period - Shot Misses the Net.
15:23 of 1st period - Derick Brassard is hit by Adam Burish.
15:27 of 1st period - Nathan Paetsch is hit by Kristian Huselius and loses puck.
15:40 of 1st period - Nathan Paetsch is hit by Adam Burish and loses puck.
16:06 of 1st period - Minor Penalty to Jussi Jokinen for Tripping.
16:07 of 1st period - Jason Allison wins face-off versus Derick Brassard in Jets zone.
16:22 of 1st period - Slapshot by Jason Allison.
16:22 of 1st period - Stopped by Ty Conklin without a rebound.
16:23 of 1st period - Jason Allison wins face-off versus Derick Brassard in Sabres zone.
16:46 of 1st period - Mats Sundin is hit by Michal Rozsival and loses puck.
17:57 of 1st period - Ryan Hollweg is hit by Eric Brewer and loses puck.
18:06 of 1st period - Penalty to Jussi Jokinen is over, Jussi Jokinen is back on ice.
19:39 of 1st period - Eric Brewer is hit by Boyd Devereaux and loses puck.
19:56 of 1st period - Ladislav Smid is hit by Kristian Huselius and loses puck.
Goals for this period are 1 for Sabres vs 0 for Jets.
Shots for this period are 8 for Sabres vs 11 for Jets.
2nd period
0:01 of 2nd period - Jason Allison wins face-off versus Derick Brassard in neutral zone.
0:12 of 2nd period - Slapshot by Jason Allison.
0:12 of 2nd period - Stopped by Ty Conklin without a rebound.
0:13 of 2nd period - Derick Brassard wins face-off versus Jason Allison in Sabres zone.
0:39 of 2nd period - Derek Roy is hit by Ryan Hollweg and loses puck.
0:46 of 2nd period - Slapshot by Ryan Hollweg.
0:46 of 2nd period - Shot Blocked by Eric Brewer.
1:18 of 2nd period - Jason Smith is hit by Benoit Pouliot.
2:36 of 2nd period - Daniel Alfredsson is hit by Richard Zednik and loses puck.
2:47 of 2nd period - Slapshot by Roman Hamrlik.
2:47 of 2nd period - Stopped by Ty Conklin with a rebound.
3:02 of 2nd period - Off-side.
3:03 of 2nd period - Fredrik Sjostrom wins face-off versus Mats Sundin in neutral zone.
3:08 of 2nd period - Wrist shot by Tuomo Ruutu.
3:08 of 2nd period - Stopped by Ty Conklin without a rebound.
3:09 of 2nd period - Greg Campbell wins face-off versus Derick Brassard in Sabres zone.
3:35 of 2nd period - Slapshot by Greg Campbell.
3:35 of 2nd period - Shot Blocked by Hal Gill.
3:41 of 2nd period - Wrist shot by Greg Campbell.
3:41 of 2nd period - Stopped by Ty Conklin without a rebound.
3:42 of 2nd period - Derick Brassard wins face-off versus Jason Allison in Sabres zone.
4:34 of 2nd period - Wrist shot by Kyle Calder.
4:34 of 2nd period - Shot Blocked by Eric Brewer.
4:38 of 2nd period - Snap shot by Dominic Moore.
4:38 of 2nd period - Stopped by Ilya Bryzgalov with a rebound.
4:56 of 2nd period - Eric Brewer is hit by Boyd Devereaux and loses puck.
5:13 of 2nd period - Minor Penalty to Johnny Boychuk for Roughing.
5:14 of 2nd period - Dominic Moore wins face-off versus Daniel Alfredsson in Sabres zone.
5:41 of 2nd period - Off-side.
5:42 of 2nd period - Derek Roy wins face-off versus Dominic Moore in neutral zone.
5:45 of 2nd period - Snap shot by Miroslav Satan.
5:45 of 2nd period - Deflect By Jussi Jokinen.
5:45 of 2nd period - Goal by Jussi Jokinen - Sabres : 1 - Jets : 1.
5:46 of 2nd period - Derick Brassard wins face-off versus Daniel Alfredsson in neutral zone.
6:17 of 2nd period - Snap shot by Kyle Calder.
6:17 of 2nd period - Shot Misses the Net.
6:23 of 2nd period - Snap shot by Dominic Moore.
6:23 of 2nd period - Shot Blocked by Michal Rozsival.
7:48 of 2nd period - Snap shot by Derek Roy.
7:48 of 2nd period - Deflect By Jussi Jokinen.
7:48 of 2nd period - Shot Misses the Net.
7:48 of 2nd period - Puck is out of play.
7:49 of 2nd period - Derick Brassard wins face-off versus Jason Allison in Sabres zone.
8:16 of 2nd period - Zbynek Michalek is hit by Ryan Hollweg and loses puck.
8:25 of 2nd period - Slapshot by Jussi Jokinen.
8:25 of 2nd period - Stopped by Ty Conklin without a rebound.
8:26 of 2nd period - Jason Allison wins face-off versus Mats Sundin in Sabres zone.
8:29 of 2nd period - Wrist shot by Jason Allison.
8:29 of 2nd period - Shot Blocked by Ole-Kristian Tollefsen.
8:37 of 2nd period - Snap shot by Benoit Pouliot.
8:37 of 2nd period - Stopped by Ty Conklin with a rebound.
8:42 of 2nd period - Minor Penalty to Benoit Pouliot for Roughing.
8:43 of 2nd period - Derick Brassard wins face-off versus Jason Allison in Jets zone.
8:59 of 2nd period - Snap shot by Niclas Bergfors.
8:59 of 2nd period - Stopped by Ilya Bryzgalov without a rebound.
9:00 of 2nd period - Jason Allison wins face-off versus Mats Sundin in Jets zone.
9:15 of 2nd period - Snap shot by Ryan Hollweg.
9:15 of 2nd period - Shot Misses the Net.
10:42 of 2nd period - Penalty to Benoit Pouliot is over, Benoit Pouliot is back on ice.
10:49 of 2nd period - Slapshot by Roman Hamrlik.
10:49 of 2nd period - Stopped by Ty Conklin with a rebound.
10:51 of 2nd period - Wrist shot by Kyle Wellwood.
10:51 of 2nd period - Stopped by Ty Conklin with a rebound.
10:53 of 2nd period - Wrist shot by Adam Burish.
10:53 of 2nd period - Shot Misses the Net.
10:55 of 2nd period - Wrist shot by Kristian Huselius.
10:55 of 2nd period - Shot Misses the Net.
11:15 of 2nd period - Wrist shot by Fredrik Sjostrom.
11:15 of 2nd period - Stopped by Ty Conklin without a rebound.
11:16 of 2nd period - Derek Roy wins face-off versus Boyd Devereaux in Sabres zone.
11:17 of 2nd period - Slapshot by Miroslav Satan.
11:17 of 2nd period - Shot Blocked by Nathan Paetsch.
11:38 of 2nd period - Roman Hamrlik is hit by Todd White.
11:39 of 2nd period - Icing by Roman Hamrlik.
11:40 of 2nd period - Derek Roy wins face-off versus Derick Brassard in Jets zone.
11:58 of 2nd period - Snap shot by Jussi Jokinen.
11:58 of 2nd period - Stopped by Ty Conklin without a rebound.
11:59 of 2nd period - Jason Allison wins face-off versus Mats Sundin in Sabres zone.
13:39 of 2nd period - Greg Campbell is hit by Ladislav Smid and loses puck.
14:09 of 2nd period - Icing by Ryan Hollweg.
14:10 of 2nd period - Kyle Wellwood wins face-off versus Derick Brassard in Sabres zone.
14:35 of 2nd period - Derick Brassard is hit by Roman Hamrlik and loses puck.
14:40 of 2nd period - Wrist shot by Jussi Jokinen.
14:40 of 2nd period - Shot Misses the Net.
14:42 of 2nd period - Snap shot by Derek Roy.
14:42 of 2nd period - Shot Misses the Net.
14:44 of 2nd period - Slapshot by Dmitri Kalinin.
14:44 of 2nd period - Stopped by Ty Conklin with a rebound.
14:46 of 2nd period - Wrist shot by Dmitri Kalinin.
14:46 of 2nd period - Deflect By Miroslav Satan.
14:46 of 2nd period - Shot Misses the Net.
14:46 of 2nd period - Puck is out of play.
14:47 of 2nd period - Jason Allison wins face-off versus Dominic Moore in Sabres zone.
15:36 of 2nd period - Minor Penalty to Kristian Huselius for Hooking.
15:37 of 2nd period - Jason Allison wins face-off versus Derick Brassard in Jets zone.
15:50 of 2nd period - Eric Brewer is hit by Nathan Paetsch.
17:36 of 2nd period - Penalty to Kristian Huselius is over, Kristian Huselius is back on ice.
17:40 of 2nd period - Dmitri Kalinin is hit by Richard Zednik and loses puck.
17:47 of 2nd period - Miroslav Satan is hit by Johnny Boychuk.
18:00 of 2nd period - Icing by Boyd Devereaux.
18:01 of 2nd period - Greg Campbell wins face-off versus Boyd Devereaux in Sabres zone.
19:01 of 2nd period - Icing by Colin White.
19:02 of 2nd period - Mats Sundin wins face-off versus Derek Roy in Jets zone.
19:07 of 2nd period - Wrist shot by Ryan Hollweg.
19:07 of 2nd period - Deflect By Jussi Jokinen.
19:07 of 2nd period - Shot Blocked by Jussi Jokinen.
19:07 of 2nd period - Puck is out of play.
19:08 of 2nd period - Mats Sundin wins face-off versus Derek Roy in Jets zone.
19:19 of 2nd period - Snap shot by Steve Downie.
19:19 of 2nd period - Shot Misses the Net.
19:21 of 2nd period - Slapshot by Nathan Paetsch.
19:21 of 2nd period - Deflect By Ryan Hollweg.
19:21 of 2nd period - Stopped by Ilya Bryzgalov without a rebound.
19:22 of 2nd period - Jason Allison wins face-off versus Derick Brassard in Jets zone.
19:35 of 2nd period - Snap shot by Derick Brassard.
19:35 of 2nd period - Shot Blocked by Benoit Pouliot.
Goals for this period are 0 for Sabres vs 1 for Jets.
Shots for this period are 3 for Sabres vs 12 for Jets.
3rd period
0:01 of 3rd period - Jason Allison wins face-off versus Derick Brassard in neutral zone.
0:06 of 3rd period - Snap shot by Jason Allison.
0:06 of 3rd period - Stopped by Ty Conklin with a rebound.
0:25 of 3rd period - Icing by Ryan Hollweg.
0:26 of 3rd period - Mats Sundin wins face-off versus Derek Roy in Sabres zone.
0:26 of 3rd period - Mats Sundin is hit by Miroslav Satan.
0:42 of 3rd period - Snap shot by Steve Downie.
0:42 of 3rd period - Stopped by Ilya Bryzgalov with a rebound.
1:19 of 3rd period - Snap shot by Dmitri Kalinin.
1:19 of 3rd period - Stopped by Ty Conklin with a rebound.
1:21 of 3rd period - Wrist shot by Colin White.
1:21 of 3rd period - Stopped by Ty Conklin with a rebound.
1:27 of 3rd period - Minor Penalty to Nathan Paetsch for Slashing.
1:28 of 3rd period - Dominic Moore wins face-off versus Jason Allison in Sabres zone.
2:10 of 3rd period - Wrist shot by Jason Allison.
2:10 of 3rd period - Goal by Jason Allison - Sabres : 1 - Jets : 2.
2:11 of 3rd period - Jason Allison wins face-off versus James Neal in neutral zone.
2:15 of 3rd period - Off-side.
2:16 of 3rd period - Derick Brassard wins face-off versus Jason Allison in neutral zone.
2:25 of 3rd period - Snap shot by Niclas Bergfors.
2:25 of 3rd period - Shot Misses the Net.
2:27 of 3rd period - Wrist shot by Derick Brassard.
2:27 of 3rd period - Deflect By Daniel Alfredsson.
2:27 of 3rd period - Stopped by Ilya Bryzgalov with a rebound.
2:29 of 3rd period - Slapshot by Hal Gill.
2:29 of 3rd period - Shot Blocked by Eric Brewer.
2:31 of 3rd period - Slapshot by Hal Gill.
2:31 of 3rd period - Stopped by Ilya Bryzgalov with a rebound.
2:43 of 3rd period - Snap shot by Ryan Hollweg.
2:43 of 3rd period - Stopped by Ilya Bryzgalov without a rebound.
2:44 of 3rd period - Derek Roy wins face-off versus Ryan Hollweg in Jets zone.
2:44 of 3rd period - Derek Roy is hit by Ryan Hollweg.
2:56 of 3rd period - Slapshot by Jussi Jokinen.
2:56 of 3rd period - Shot Blocked by Ole-Kristian Tollefsen.
3:14 of 3rd period - Slapshot by Colin White.
3:14 of 3rd period - Shot Blocked by Hal Gill.
3:16 of 3rd period - Snap shot by Jussi Jokinen.
3:16 of 3rd period - Shot Blocked by Mats Sundin.
3:18 of 3rd period - Snap shot by Miroslav Satan.
3:18 of 3rd period - Goal by Miroslav Satan - Sabres : 1 - Jets : 3.
3:19 of 3rd period - Derick Brassard wins face-off versus Jason Allison in neutral zone.
3:22 of 3rd period - Wrist shot by Johnny Boychuk.
3:22 of 3rd period - Stopped by Ilya Bryzgalov without a rebound.
3:23 of 3rd period - Derick Brassard wins face-off versus Jason Allison in Jets zone.
3:32 of 3rd period - Snap shot by Derick Brassard.
3:32 of 3rd period - Stopped by Ilya Bryzgalov without a rebound.
3:33 of 3rd period - James Neal wins face-off versus Jason Allison in Jets zone.
3:34 of 3rd period - Wrist shot by Derick Brassard.
3:34 of 3rd period - Stopped by Ilya Bryzgalov with a rebound.
3:42 of 3rd period - Snap shot by Eric Brewer.
3:42 of 3rd period - Deflect By Benoit Pouliot.
3:42 of 3rd period - Stopped by Ty Conklin without a rebound.
3:43 of 3rd period - Jason Allison wins face-off versus Derick Brassard in Sabres zone.
3:54 of 3rd period - Wrist shot by Derick Brassard.
3:54 of 3rd period - Stopped by Ilya Bryzgalov with a rebound.
4:14 of 3rd period - Snap shot by Derick Brassard.
4:14 of 3rd period - Stopped by Ilya Bryzgalov without a rebound.
4:15 of 3rd period - Mats Sundin wins face-off versus Derek Roy in Jets zone.
4:24 of 3rd period - Slapshot by Colin White.
4:24 of 3rd period - Shot Misses the Net.
4:26 of 3rd period - Snap shot by Miroslav Satan.
4:26 of 3rd period - Deflect By Jason Smith.
4:26 of 3rd period - Shot Misses the Net.
4:26 of 3rd period - Puck is out of play.
4:27 of 3rd period - Derick Brassard wins face-off versus Jason Allison in Sabres zone.
4:52 of 3rd period - Eric Brewer is hit by Mats Sundin and loses puck.
5:23 of 3rd period - Hal Gill is hit by Greg Campbell and loses puck.
5:42 of 3rd period - Slapshot by Daniel Alfredsson.
5:42 of 3rd period - Shot Blocked by Hal Gill.
6:45 of 3rd period - Wrist shot by Boyd Devereaux.
6:45 of 3rd period - Stopped by Ilya Bryzgalov without a rebound.
6:46 of 3rd period - Jason Allison wins face-off versus Boyd Devereaux in Jets zone.
6:57 of 3rd period - Snap shot by Ole-Kristian Tollefsen.
6:57 of 3rd period - Stopped by Ilya Bryzgalov without a rebound.
6:58 of 3rd period - Jason Allison wins face-off versus Derick Brassard in Jets zone.
7:05 of 3rd period - Slapshot by Benoit Pouliot.
7:05 of 3rd period - Shot Blocked by Derick Brassard.
7:23 of 3rd period - Derek Roy is hit by Jason Smith and loses puck.
7:57 of 3rd period - Kyle Calder is hit by Dmitri Kalinin and loses puck.
8:47 of 3rd period - Off-side.
8:48 of 3rd period - Derek Roy wins face-off versus Ryan Hollweg in neutral zone.
8:56 of 3rd period - Wrist shot by Jason Smith.
8:56 of 3rd period - Shot Misses the Net.
9:50 of 3rd period - Snap shot by Kyle Calder.
9:50 of 3rd period - Shot Misses the Net.
10:04 of 3rd period - Snap shot by Boyd Devereaux.
10:04 of 3rd period - Shot Blocked by Michal Rozsival.
10:06 of 3rd period - Slapshot by Johnny Boychuk.
10:06 of 3rd period - Stopped by Ilya Bryzgalov with a rebound.
10:24 of 3rd period - Adam Burish is hit by Mats Sundin and loses puck.
10:31 of 3rd period - Wrist shot by Mats Sundin.
10:31 of 3rd period - Stopped by Ilya Bryzgalov without a rebound.
10:32 of 3rd period - Jason Allison wins face-off versus Niclas Bergfors in Jets zone.
10:34 of 3rd period - Icing by Daniel Alfredsson.
10:35 of 3rd period - Jason Allison wins face-off versus Derick Brassard in Jets zone.
10:50 of 3rd period - Wrist shot by Benoit Pouliot.
10:50 of 3rd period - Stopped by Ty Conklin with a rebound.
11:04 of 3rd period - Ladislav Smid is hit by Jussi Jokinen and loses puck.
11:24 of 3rd period - Ladislav Smid is hit by Eric Brewer.
12:05 of 3rd period - Niclas Bergfors is hit by Kyle Wellwood.
12:09 of 3rd period - Kristian Huselius is hit by Ladislav Smid and loses puck.
12:43 of 3rd period - Benoit Pouliot is hit by Ole-Kristian Tollefsen and loses puck.
13:32 of 3rd period - Minor Penalty to Adam Burish for Hooking.
13:33 of 3rd period - Jason Allison wins face-off versus Derick Brassard in Jets zone.
15:29 of 3rd period - Colin White is hit by Ryan Hollweg.
15:32 of 3rd period - Penalty to Adam Burish is over, Adam Burish is back on ice.
15:45 of 3rd period - Slapshot by Peter Prucha.
15:45 of 3rd period - Stopped by Ilya Bryzgalov without a rebound.
15:46 of 3rd period - Dominic Moore wins face-off versus Derek Roy in Jets zone.
15:47 of 3rd period - Snap shot by Peter Prucha.
15:47 of 3rd period - Stopped by Ilya Bryzgalov with a rebound.
16:23 of 3rd period - Eric Brewer is hit by Dominic Moore and loses puck.
16:30 of 3rd period - Slapshot by Peter Prucha.
16:30 of 3rd period - Shot Misses the Net.
16:37 of 3rd period - Icing by Michal Rozsival.
16:38 of 3rd period - Jason Allison wins face-off versus Derick Brassard in Jets zone.
16:56 of 3rd period - Daniel Alfredsson is hit by Niclas Bergfors.
17:08 of 3rd period - Snap shot by Kristian Huselius.
17:08 of 3rd period - Shot Blocked by Jason Smith.
17:10 of 3rd period - Slapshot by Eric Brewer.
17:10 of 3rd period - Shot Misses the Net.
17:12 of 3rd period - Wrist shot by Adam Burish.
17:12 of 3rd period - Shot Misses the Net.
17:14 of 3rd period - Snap shot by Kristian Huselius.
17:14 of 3rd period - Stopped by Ty Conklin with a rebound.
17:16 of 3rd period - Wrist shot by Adam Burish.
17:16 of 3rd period - Shot Misses the Net.
17:22 of 3rd period - Minor Penalty to Steve Downie for Holding Stick.
17:23 of 3rd period - Dominic Moore wins face-off versus Derek Roy in Sabres zone.
17:42 of 3rd period - Icing by Colin White.
17:43 of 3rd period - Derek Roy wins face-off versus Dominic Moore in Jets zone.
17:43 of 3rd period - Derek Roy is hit by Ole-Kristian Tollefsen.
17:49 of 3rd period - Slapshot by Colin White.
17:49 of 3rd period - Goal by Colin White - Sabres : 1 - Jets : 4.
17:50 of 3rd period - Jason Allison wins face-off versus Derick Brassard in neutral zone.
18:15 of 3rd period - Ryan Hollweg is hit by Kristian Huselius and loses puck.
18:22 of 3rd period - Snap shot by Kristian Huselius.
18:22 of 3rd period - Shot Blocked by Hal Gill.
18:24 of 3rd period - Wrist shot by Kyle Wellwood.
18:24 of 3rd period - Stopped by Ty Conklin with a rebound.
18:26 of 3rd period - Snap shot by Adam Burish.
18:26 of 3rd period - Shot Blocked by Ryan Hollweg.
18:28 of 3rd period - Snap shot by Adam Burish.
18:28 of 3rd period - Shot Misses the Net.
18:38 of 3rd period - Slapshot by Derek Roy.
18:38 of 3rd period - Stopped by Ty Conklin with a rebound.
18:40 of 3rd period - Slapshot by Miroslav Satan.
18:40 of 3rd period - Stopped by Ty Conklin with a rebound.
18:42 of 3rd period - Slapshot by Miroslav Satan.
18:42 of 3rd period - Stopped by Ty Conklin without a rebound.
18:43 of 3rd period - Jason Allison wins face-off versus Dominic Moore in Sabres zone.
18:56 of 3rd period - Wrist shot by Jason Allison.
18:56 of 3rd period - Shot Blocked by Jason Smith.
19:01 of 3rd period - Off-side.
19:02 of 3rd period - Derick Brassard wins face-off versus Derek Roy in neutral zone.
19:55 of 3rd period - Michal Rozsival is hit by Johnny Boychuk and loses puck.
Goals for this period are 0 for Sabres vs 3 for Jets.
Shots for this period are 15 for Sabres vs 13 for Jets.
Output by the SimonT Hockey Simulator (STHS) for François Prévost -- Original Page W3C XHTML 1.0 Valid